 Dungeon Crawl Stone Soup version 0.30-a0-824-g6c64550be9 (webtiles) character file.

Game seed: 10752543251101944105

737 ytrimaz the Fighter (level 7, -2/80 HPs)
             Began as an Ogre Berserker on Feb 27, 2023.
             Was a Believer of Trog.
             Slain by an ice beast (4 damage)
             ... on level 6 of the Dungeon.
             The game lasted 00:05:59 (4779 turns).

ytrimaz the Fighter (Ogre Berserker)                Turns: 4779, Time: 00:06:00

Health: -2/80      AC:  5    Str: 24    XL:     7   Next: 74%
Magic:  7/7        EV: 10    Int:  8    God:    Trog [**....]
Gold:   168        SH:  0    Dex:  8    Spells: 6/6 levels left

rFire   . . .      SeeInvis .    r - +0 giant club
rCold   . . .      Faith    .    (shield currently unavailable)
rNeg    . . .      Spirit   .    b - +0 animal skin
rPois   .          Reflect  .    (helmet restricted)
rElec   .          Harm     .    e - +1 cloak
rCorr   .          Rampage  .    (gloves unavailable)
Will    .....                    (boots unavailable)
Stlth   +                        (no amulet)
HPRegen 0.33/turn                (no ring)
MPRegen 0.10/turn                (no ring)

@: on berserk cooldown, slowed, very slow
A: large, unfitting armour, tough skin 1
a: Renounce Religion, Berserk, Trog's Hand


You were on level 6 of the Dungeon.
You worshipped Trog.
Trog was pleased with you.
You visited 1 branch of the dungeon, and saw 6 of its levels.

You collected 344 gold pieces.
You spent 176 gold pieces at shops.


Innate Abilities, Weirdness & Mutations

You are too large for most types of armour.
You have tough skin. (AC +1)


   Skills:
 + Level 8.0 Fighting
 * Level 6.4 Maces & Flails
 - Level 2.6 Dodging


You had 6 spell levels left.
You didn't know any spells.
Your spell library was empty.

Inventory:

Hand Weapons
 a - a +1 mace
 r - a +0 giant club (weapon)
   (You took it off an ogre on level 5 of the Dungeon)
Armour
 b - a +0 animal skin (worn)
 e - a +1 cloak (worn)
   (You found it on level 1 of the Dungeon)
Wands
 p - a wand of acid (6)
   (You found it on level 4 of the Dungeon)
Scrolls
 k - a scroll of noise
 l - 3 scrolls of teleportation
 m - a scroll of immolation
 n - a scroll of vulnerability
 s - 2 scrolls of enchant weapon
Potions
 d - 2 potions of brilliance
 f - a potion of curing
 g - a potion of lignification {unknown}
 h - 3 potions of flight
 i - a potion of berserk rage {unknown}
 j - a potion of mutation {unknown}
 o - a potion of resistance {unknown}
 q - a potion of attraction {unknown}
 t - a potion of haste {unknown}
 u - a potion of might {unknown}

Dungeon Overview and Level Annotations

Branches:
Dungeon (6/15) Zot: 26872  Temple (0/1) D:4

Altars:
Cheibriados
Makhleb
Uskayaw
The Shining One

Shops:
D:3 [   D:4 =?

Annotations:
D:3 1 runed translucent door, oldplebian's ghost, amateur HOCA

#..# . #...# ..#....##
........## .........###
...... ...........#
.....o...........# ..#
#................####..#.
#...... ........@........
....... .......Y†......#.##
....#####..............#..#
........####..............##.
....#..# #.................
<..##..# #####.............
.......# #.............
.......## #.............
........### #.............


You could see an ice beast.


Message History

The phantom hits you but does no damage.
The ice beast hits you. The ice beast freezes you! 😮 HP[-13]
You take 13 damage, and now have 46/79 hp.
You closely miss the phantom. The phantom hits you.
The phantom blinks!
You blink.
A hound comes into view. 😮 HP[-4]
You take 4 damage, and now have 42/79 hp.
You are too injured to fight recklessly!
The hound barks!
The phantom closely misses you.
You miss the phantom. The phantom barely misses you.
The ice beast hits you but does no damage.
The phantom barely misses you. 😮 HP[+1]
You closely miss the phantom. The phantom hits you.
The ice beast hits you but does no damage.
Unknown command. 😮 HP[-3]
You take 3 damage, and now have 40/79 hp.
A red film seems to cover your vision as you go berserk!
You feel yourself moving faster!
You feel mighty! The phantom hits you.
* * * LOW HITPOINT WARNING * * *
The phantom blinks!
You blink. 😨 HP[+19]
You now have 118 max hp (+39).
You regained 19 hp, and now have 59/118 hp.
You feel a strong urge to attack something.
The phantom hits you.
* * * LOW HITPOINT WARNING * * *
😨 HP[-3]
You take 3 damage, and now have 56/118 hp.
Unknown command.
You closely miss the phantom. The phantom closely misses you.
You hammer the phantom like a gong!!!
You destroy the phantom!
Trog accepts your kill.
Your Fighting skill increases to level 8! 😨 HP[+1]
You now have 120 max hp (+2).
The hound bites you.
* * * LOW HITPOINT WARNING * * *
😨 HP[-1]
You take 1 damage, and now have 56/120 hp.
Unknown command.
You hit the hound. The hound barely misses you. x2
You barely miss the hound. The hound bites you but does no damage.
The ice beast hits you but does no damage.
You barely miss the hound. The hound barely misses you.
The ice beast hits you but does no damage. 😨 HP[+1] Unknown command.
You barely miss the hound. The hound barely misses you.
The hound bites you but does no damage. The ice beast hits you.
* * * LOW HITPOINT WARNING * * *
The ice beast freezes you!
* * * LOW HITPOINT WARNING * * *
😨 HP[-10]
You take 10 damage, and now have 47/120 hp.
You bludgeon the hound!!
You kill the hound!
Trog accepts your kill.
Unknown command.
You sock the ice beast!
You are no longer berserk.
You are exhausted.
You feel yourself slow down.
The ice beast hits you but does no damage. 😨 HP[-15]
You now have 80 max hp (-40).
You closely miss the ice beast.
The ice beast hits you but does no damage.
The ice beast barely misses you.
You closely miss the ice beast. The ice beast misses you.
The ice beast hits you but does no damage. 😨 HP[+1]
You hit the ice beast but do no damage. The ice beast hits you.
* * * LOW HITPOINT WARNING * * *
The ice beast freezes you!
* * * LOW HITPOINT WARNING * * *
The ice beast hits you but does no damage. 😨 HP[-12]
You take 12 damage, and now have 21/80 hp.
Unknown command.
You closely miss the ice beast.
The ice beast hits you but does no damage.
The ice beast hits you.
* * * LOW HITPOINT WARNING * * *
The ice beast freezes you!
* * * LOW HITPOINT WARNING * * *
😱 HP[-11]
You take 11 damage, and now have 10/80 hp.
You barely miss the ice beast. The ice beast hits you.
* * * LOW HITPOINT WARNING * * *
The ice beast freezes you.
* * * LOW HITPOINT WARNING * * *
The ice beast hits you.
You die...

Skill      XL: |  1  2  3  4  5  6  7 |
---------------+----------------------+-----
Fighting       | 5 6 7 8 |  8.0
Maces & Flails | 3 4 5 6 |  6.4
Dodging        | |  2.6

Action                     |  1- 3 |  4- 6 |  7- 9 || total
---------------------------+-------+-------+-------++-------
  Melee: Mace              |    98 |   124 |       ||   222
         Punch             |       |     2 |       ||     2
         Giant club        |       |    58 |    78 ||   136
 Invoke: Berserk           |     1 |     3 |     1 ||     5
         Trog's Hand       |       |     1 |       ||     1
    Use: Scroll            |       |     8 |     3 ||    11
         Potion            |       |       |     1 ||     1
   Stab: Sleeping          |     1 |       |       ||     1
 Armour: Animal skin       |    31 |    79 |    33 ||   143
  Dodge: Dodged            |    51 |    96 |    42 ||   189

Levels and vault maps discovered:
D:1:      saegor_arrival_simple_a, layout_loops_cross, minmay_misc_feat_hallway
D:2:      layout_loops_ring, minmay_hexomino_u4, uniq_terence, uniq_robin
D:3:      layout_basic, mainiacjoe_overflow_cross_hatched,
          ebering_ghost_sewer_d, serial_shops, shop, minmay_misc_feat_plants
D:4:      layout_cave_pools, minmay_temple_entry_glassed_door, serial_shops,
          shop, nicolae_shop_hallway_stairs
D:5:      layout_basic, gammafunk_temple_overflow_statue,
          nicolae_overflow_crystal_walls
D:6:      layout_cave_pools, nzn_overflow_gifts_of_might_and_magic,
          worldfamousw_hep_ancestral_shrine, nicolae_stop_n_shop_1, uniq_grinder

Notes
Turn   | Place    | Note
-------+----------+-------------------------------------------
     0 | D:1      | ytrimaz the Ogre Berserker began the quest for the Orb.
     0 | D:1      | Reached XP level 1. HP: 24/24 MP: 1/1
     0 | D:1      | magus.rc [v1.9.6]
   117 | D:1      | Reached XP level 2. HP: 31/33 MP: 2/2
   166 | D:1      | Reached skill level 5 in Fighting
   682 | D:1      | Reached XP level 3. HP: 42/42 MP: 3/3
   798 | D:2      | Noticed Terence
   816 | D:2      | Killed Terence
   817 | D:2      | Reached skill level 3 in Maces & Flails
   876 | D:2      | Noticed Robin
   883 | D:2      | Reached XP level 4. HP: 47/52 MP: 4/4
   888 | D:2      | Killed Robin
   888 | D:2      | Reached ** piety under Trog
  1079 | D:2      | You fall into a shaft and drop 2 floors!
  1087 | D:3      | Reached skill level 6 in Fighting
  1136 | D:3      | Found Nyquiq's Antique Armour Emporium.
  2021 | D:3      | Found a burning altar of Makhleb.
  2028 | D:3      | Reached XP level 5. HP: 58/59 MP: 5/5
  2212 | D:3      | Found a runed translucent door.
  2220 | D:3      | Noticed oldplebian's ghost (amateur HOCA)
  2330 | D:3      | Identified the +2 ring mail of Context {Will+ Stlth+}
  2369 | D:4      | Identified the +5 trident of the Pillar {heavy, rC+ Dex+4}
  2376 | D:4      | Found Uqa Wem's Magic Scroll Boutique.
  2406 | D:4      | Bought a scroll of teleportation for 33 gold pieces
  2406 | D:4      | Bought a scroll of immolation for 44 gold pieces
  2406 | D:4      | Bought a scroll of vulnerability for 44 gold pieces
  2406 | D:4      | Bought a scroll of identify for 22 gold pieces
  2406 | D:4      | Bought a scroll of teleportation for 33 gold pieces
  2470 | D:4      | Found Raodao Mydghu's Jewellery Shoppe.
  2523 | D:4      | HP: 21/88 [poisoned by a scorpion]
  2524 | D:4      | Reached skill level 4 in Maces & Flails
  2528 | D:4      | HP: 6/61 [poisoned by a scorpion]
  2533 | D:4      | HP: 5/61 [poisoned by a scorpion]
  2908 | D:4      | Found a staircase to the Ecumenical Temple.
  3061 | D:5      | Entered Level 5 of the Dungeon
  3092 | D:5      | Reached XP level 6. HP: 31/68 MP: 6/6
  3161 | D:5      | Reached skill level 7 in Fighting
  3161 | D:5      | Reached skill level 5 in Maces & Flails
  3400 | D:5      | Found a glowing golden altar of the Shining One.
  3569 | D:5      | Found a hide-covered altar of Uskayaw.
  3569 | D:5      | Found a snail-covered altar of Cheibriados.
  3678 | D:5      | Reached XP level 7. HP: 73/78 MP: 7/7
  4152 | D:5      | HP: 16/78 [orc priest/divine providence (16)]
  4572 | D:5      | Reached skill level 6 in Maces & Flails
  4768 | D:6      | Reached skill level 8 in Fighting
  4778 | D:6      | HP: 19/80 [ice beast (2)]
  4779 | D:6      | HP: 7/80 [ice beast (4)]
  4779 | D:6      | HP: 2/80 [ice beast (5)]
  4779 | D:6      | Slain by an ice beast

Vanquished Creatures
  2 ogres (D:5)
  A phantom (D:6)
  2 scorpions
  2 hounds
  2 orc priests (D:5)
  Terence (D:2)
  3 orc wizards (D:5)
  Robin (D:2)
  6 adders
  A worm (D:5)
  9 orcs
  5 ball pythons
  5 bats
  5 endoplasms
  3 giant cockroaches
  17 goblins
  5 hobgoblins
  A jackal (D:2)
  4 quokkas
  A frilled lizard (D:1)
  5 kobolds
  10 rats
91 creatures vanquished.

Table legend:
 A = Non-vault XP
 B = Vault XP
 C = Vault XP percentage of total XP
 D = Non-vault monster count
 E = Vault monster count
 F = Vault count percentage of total count
                 A         B        C        D         E       F
            +---------+---------+-------+---------+---------+-------
      Total |     973 |      80 |   7.6 |      73 |      18 |  19.8
            +---------+---------+-------+---------+---------+-------
        D:1 |      34 |       0 |   0.0 |      21 |       0 |   0.0
        D:2 |      24 |      80 |  76.9 |       9 |      18 |  66.7
        D:3 |      28 |       0 |   0.0 |       9 |       0 |   0.0
        D:4 |     124 |       0 |   0.0 |      10 |       0 |   0.0
        D:5 |     587 |       0 |   0.0 |      17 |       0 |   0.0
        D:6 |     176 |       0 |   0.0 |       7 |       0 |   0.0
            +---------+---------+-------+---------+---------+-------

Illustrated notes

Table legend:
 A = Kills in this place as a percentage of kills in entire the game.
 B = Kills by you in this place as a percentage of kills by you in the entire game.
 C = Kills by friends in this place as a percentage of kills by friends in the entire game.
 D = Other kills in this place as a percentage of other kills in the entire game.
 E = Experience gained in this place as a percentage of experience gained in the entire game.
 F = Experience gained in this place divided by the number of levels of this place that you have seen.
                   A       B       C       D       E      F
               +-------+-------+-------+-------+-------+----------------------
         Total | 100.0 | 100.0 |   N/A |   N/A | 100.0 | 175.5
       Dungeon | 100.0 | 100.0 |   N/A |   N/A | 100.0 | 175.5
               +-------+-------+-------+-------+-------+----------------------

Table legend: (Time is in decaauts)
 A = Elapsed time spent in this place.
 B = Non-inter-level travel time spent in this place.
 C = Inter-level travel time spent in this place.
 D = Time resting spent in this place.
 E = Time spent auto-exploring this place.
 F = Levels seen in this place.
 G = Mean time per level.
                   A        B        C        D        E       F      G
               +--------+--------+--------+--------+--------+-----+--------+
         Total |   4903 |   4817 |     86 |    340 |   3582 |   6 |  817.2 |
       Dungeon |   4903 |   4817 |     86 |    340 |   3582 |   6 |  817.2 |
               +--------+--------+--------+--------+--------+-----+--------+

Top non-repeatable levels by time:
     D:5: 1652 daAuts
     D:2: 1020 daAuts
     D:1: 763 daAuts
     D:4: 747 daAuts
     D:3: 594 daAuts
     D:6: 126 daAuts
